 Dungeon Crawl Stone Soup version 0.17.0-28-g6e173f8 (console) character file.

1045 Kloppie the Firebug (level 8, -2/63 HPs)
             Began as a Grey Draconian Fire Elementalist on Dec 3, 2015.
             Killed from afar by Kloppie's ghost (7 damage)
             ... with a bolt of negative energy
             ... on level 5 of the Dungeon.
             The game lasted 00:11:18 (5602 turns).

Kloppie the Firebug (DrFE)                          Turns: 5602, Time: 00:11:18

Health: -2/63      AC: 12    Str: 11    XL:     8   Next: 4%
Magic:  5/13       EV: 12    Int: 17    God:
Gold:   156        SH:  0    Dex: 12    Spells: 4 memorised, 1 level left

rFire  . . .     SeeInvis .     y - +2 flail (drain)
rCold  . . .     Clarity  .     (armour unavailable)
rNeg   . . .     SustAt   .     (no shield)
rPois  .         Gourm    .     (helmet restricted)
rElec  .         Spirit   .     (no cloak)
rCorr  .         Warding  .     B - +0 pair of gloves
rMut   .         Stasis   .     (no boots)
MR     .....                    (no amulet)
Stlth  ++........               (no ring)
                                o - ring of flight

@: slowed, drained, very slow, not resistant to hostile enchantments, unstealthy
A: walk through water, unfitting armour, unbreathing, cold-blooded, AC +11
a: Evoke Flight


You were on level 5 of the Dungeon.
You were hungry.

You visited 1 branch of the dungeon, and saw 5 of its levels.

You collected 156 gold pieces.

Inventory:

Hand Weapons
 y - a +2 flail of draining (weapon)
Armour
 B - a +0 pair of gloves (worn)
Jewellery
 o - a ring of flight (left hand)
Wands
 m - a wand of fireball (5)
 w - a wand of paralysis (12)
 x - a wand of frost (30)
 z - a wand of fireball (5)
Scrolls
 f - 3 scrolls of random uselessness {unknown}
 h - 2 scrolls of identify {unknown}
 n - 2 scrolls of amnesia {unknown}
 p - 2 scrolls of remove curse {unknown}
 r - a scroll of recharging {unknown}
 s - a scroll of fog {unknown}
 t - 2 scrolls of magic mapping {unknown}
 u - 2 scrolls of teleportation {unknown}
Potions
 c - a potion of brilliance
 d - a potion of lignification
 e - a potion of magic {unknown}
 i - a potion of agility {unknown}
 j - 2 potions of might {unknown}
 k - 2 potions of curing {unknown}
 l - a potion of heal wounds
 q - a potion of haste {unknown}
Books
 a - a book of Flames

   Spells                             Type                      Level
   a - Flame Tongue                   Conjuration/Fire             1
   b - Throw Flame                    Conjuration/Fire             2
   c - Conjure Flame                  Conjuration/Fire             3
   d - Inner Flame                    Hexes/Fire                   3
   e - Sticky Flame                   Conjuration/Fire             4
   f - Fireball                       Conjuration/Fire             5
Comestibles
 b - 2 bread rations
 g - 3 beef jerkies
 v - 2 meat rations


   Skills:
 + Level 3.1(2.6) Fighting
 - Level 1.7(1.3) Dodging
 - Level 1.7(1.3) Stealth
 - Level 3.6(3.2) Spellcasting
 + Level 5.7(5.2) Conjurations
 + Level 6.4(6.0) Fire Magic


You had one spell level left.
You knew the following spells:

 Your Spells              Type           Power        Failure   Level  Hunger
a - Flame Tongue          Conj/Fire      ###..        1%          1    None
b - Conjure Flame         Conj/Fire      ###.....     8%          3    ###....
c - Sticky Flame          Conj/Fire      ###.....     21%         4    ####...
d - Fireball              Conj/Fire      ###.......   58%         5    ######.


Dungeon Overview and Level Annotations

Branches:
Dungeon (5/15)
 Temple: D:4-7

Altars:

Annotations:
D:3 Opium's ghost, weakling HOFE
D:5 Kloppie's ghost, novice DrIE


Innate Abilities, Weirdness & Mutations

You can walk through water.
Your dull iron-grey scales are very hard (AC +11).
Your body does not fit into most forms of armour.
You can survive without breathing.
You are cold-blooded and may be slowed by cold attacks.


Message History

Aim: an ice beast (almost dead)
The flame tongue hits the ice beast.
The ice beast appears unharmed.
The ice beast is almost dead.
You feel yourself speed up.
Kloppie's ghost points at you and mumbles some strange words.
You are frozen.
* * * LOW HITPOINT WARNING * * *
You feel yourself slow down. The ice beast barely misses you.
Casting: Flame Tongue
Confirm with . or Enter, or press ? or * to list all spells.
Aiming: Flame Tongue
Press: ? - help, Shift-Dir - straight line, f/p - ice beast
Aim: an ice beast (almost dead)
The flame tongue hits the ice beast.
The ice beast appears unharmed.
The ice beast is almost dead.
Kloppie's ghost hits you but does no damage.
The ice beast hits you but does no damage.
Kloppie's ghost breathes negative energy at you.
The bolt of negative energy hits you!
You feel drained.
You die...

....!.# .......
%...... .......##
...(....# ........#
######Y# #.#.####
#...W@.# ......#
##.##########....#
#.#.......)§W...#
#§#.########.((.#####
#.#.# ####.....#
#.#.# #.....# #W#.#
#.....# #.#.# #.....#
#.#.# #.....#


You could see an ice beast and Kloppie's ghost.

Vanquished Creatures
  An ice beast (D:5)
  A sky beast (D:5)
  3 ogres
  A centaur (D:5)
  A scorpion (D:4)
  A crimson imp (D:5)
  A centaur zombie (D:5)
  2 hounds (D:5)
  An orc priest (D:4)
  Ijyb (D:4)
  3 worker ants
  An orc wizard (D:4)
  4 gnolls (D:4)
  8 adders
  2 adder skeletons (D:4)
  A worm (D:4)
  11 orcs
  3 bats
  3 giant cockroaches
  3 hobgoblins
  3 jackals (D:5)
  4 quokkas
  4 giant geckos
  5 giant newts
  9 goblins
  9 kobolds
  5 rats
91 creatures vanquished.

Notes
Turn   | Place    | Note
--------------------------------------------------------------
     0 | D:1      | Kloppie the Draconian Fire Elementalist began the quest for the Orb.
     0 | D:1      | Reached XP level 1. HP: 14/14 MP: 3/3
   500 | D:1      | Reached XP level 2. HP: 20/20 MP: 5/5
  1163 | D:2      | Reached XP level 3. HP: 23/26 MP: 6/6
  1472 | D:2      | HP: 1/39 [adder (1)]
  1484 | D:2      | Reached XP level 4. HP: 12/33 MP: 1/7
  1957 | D:2      | Learned a level 4 spell: Sticky Flame
  2143 | D:3      | Noticed Ijyb
  2149 | D:3      | Noticed Opium's ghost (weakling HOFE)
  2160 | D:4      | Killed Ijyb
  2160 | D:4      | Reached skill level 4 in Fire Magic
  2248 | D:4      | Reached XP level 5. HP: 17/38 MP: 1/9
  2563 | D:4      | Learned a level 5 spell: Fireball
  3071 | D:4      | Reached XP level 6. HP: 28/45 MP: 0/10
  3434 | D:4      | Reached skill level 5 in Fire Magic
  4159 | D:4      | Noticed an ogre
  4166 | D:4      | Killed an ogre
  4166 | D:4      | Your scales start taking on a dull iron-grey colour.
  4166 | D:4      | Gained mutation: You can survive without breathing. [Grey Draconian growth]
  4166 | D:4      | Reached XP level 7. HP: 50/50 MP: 7/12
  4268 | D:4      | Learned a level 3 spell: Conjure Flame
  4431 | D:5      | Entered Level 5 of the Dungeon
  4757 | D:5      | Reached skill level 1 in Fighting
  5002 | D:5      | Reached skill level 5 in Conjurations
  5002 | D:5      | Reached skill level 6 in Fire Magic
  5482 | D:5      | Reached XP level 8. HP: 14/63 MP: 7/13
  5549 | D:5      | Noticed Kloppie's ghost (novice DrIE)
  5602 | D:5      | Killed from afar by Kloppie's ghost

Action                   |  1- 3 |  4- 6 |  7- 9 || total
-------------------------+-------+-------+-------++-------
Melee: Dagger            |    14 |       |       ||    14
       Short sword       |    22 |       |       ||    22
       Flail             |    71 |    31 |    91 ||   193
 Cast: Flame Tongue      |    26 |    75 |    36 ||   137
       Conjure Flame     |       |       |     3 ||     3
Evoke: Wand              |       |     3 |       ||     3
  Use: Potion            |     3 |       |       ||     3
 Stab: Sleeping          |     1 |     1 |     2 ||     4
  Eat: Chunk             |     2 |     9 |     4 ||    15
